 Dungeon Crawl Stone Soup version 0.28.0 (webtiles) character file.

Game seed: 7372856204819987660

169 Aksej the Slasher (level 5, -4/41 HPs)
             Began as a Demonspawn Monk on Feb 15, 2022.
             Slain by Sigmund (8 damage)
             ... on level 3 of the Dungeon.
             The game lasted 00:07:42 (3674 turns).

Aksej the Slasher (Demonspawn Monk)                 Turns: 3674, Time: 00:07:43

Health: -4/41      AC:  5    Str: 14 (17) XL:     5   Next: 25%
Magic:  5/5        EV: 13    Int:  8 (11) God:
Gold:   125        SH:  0    Dex: 17 (18) Spells: 4/4 levels left

rFire   . . .      SeeInvis .   a - +1 falchion
rCold   . . .      Faith    .   (no shield)
rNeg    . . .      Spirit   .   b - +0 robe
rPois   .          Reflect  .   (helmet restricted)
rElec   .          Harm     .   (no cloak)
rCorr   .          Rampage  .   (no gloves)
Will    .....                   (no boots)
Stlth   ++........              (no amulet)
HPRegen 0.13/turn               j - +6 ring of strength
MPRegen 0.09/turn               (no ring)

@: about to teleport, flying
A: horns 1, molten scales 2
a: no special abilities


You were on level 3 of the Dungeon.
You visited 1 branch of the dungeon, and saw 3 of its levels.

You collected 125 gold pieces.

Inventory:

Hand Weapons
 a - a +1 falchion (weapon)
Armour
 b - a +0 robe (worn)
Jewellery
 j - a +6 ring of strength (left hand)
 k - a ring of flight
Wands
 i - a wand of mindburst (14)
Scrolls
 f - 2 scrolls of amnesia
 g - a scroll of fog
 h - a scroll of enchant weapon
Potions
 d - a potion of might {unknown}
 e - a potion of brilliance {unknown}
 l - a potion of cancellation {unknown}
 n - a potion of degeneration


   Skills:
 + Level 3.5 Fighting
 + Level 4.2 Long Blades
 + Level 3.5 Dodging
 + Level 2.5 Stealth


You had 4 spell levels left.
You didn't know any spells.
Your spell library contained the following spells:

 Spells                   Type           Power      Damage    Failure   Level
 Passage of Golubria      Tloc           0%         N/A       99%         4
 Silence                  Hex/Air        0%         N/A       100%        5
 Lehudib's Crystal Spear  Conj/Erth      0%         10d2      100%        8


Dungeon Overview and Level Annotations

Branches:
Dungeon (3/15)

Altars:

Shops:
D:1 =:

Annotations:
D:3 Sigmund


Innate Abilities, Weirdness & Mutations

You have a pair of small horns on your head.
You are mostly covered in molten scales. (AC +3)


Message History

You see here a +0 arbalest.
There is an open door here.
Found an escape hatch in the floor.
Found a stone staircase leading up.
You open the door.
There is an open door here.
A ball python comes into view.
You closely miss the ball python. You headbutt the ball python.
You kill the ball python!
No target in view!
You see here a ball python corpse.
Sigmund the Dreaded comes into view.
He is wielding a +0 scythe.
Sigmund shouts!
Sigmund drinks a potion.
Sigmund flickers and vanishes!
Deactivating autopickup; reactivate with Ctrl-A.
No target in view!
Okay, then.
Okay, then.
Something tries to affect you, but you resist.
Something hits you but does no damage.
You hit something. Your headbutt misses something. Something hits you.
You closely miss something. You headbutt something! You hit something.
Something hits you.
You barely miss something. You headbutt something. Something hits you.
You hit something. Your headbutt misses something. Something hits you!
You closely miss something. You hit something. Your headbutt misses something.
Something hits you.
You hit something but do no damage. Your headbutt misses something.
Something hits you.
* * * LOW HITPOINT WARNING * * *
It was a potion of degeneration.
There was something very wrong with that liquid.
You feel weakened.
You feel dopey.
You feel clumsy.
It was a potion of flight.
You feel very buoyant.
You fly up into the air.
Something hits you!
* * * LOW HITPOINT WARNING * * *
As you read the scroll of teleportation, it crumbles to dust.
You feel strangely unstable. Something hits you!
You die...

#..# #.#.#.##...#
#..####.#.#.##...#
########.....#.#.#......#
#......#.#####.#........#
#.####.#................#
#.# #†#######.##########
#.# #.# #........ #.#
#.############### #.#
#.....@{...... #.#
#############. #.#
######.# .......#
######.# #.# ###


There were no monsters in sight!

Vanquished Creatures
  4 gnolls (D:3)
  7 adders
  3 worms (D:2)
  4 ball pythons
  9 bats
  2 endoplasms
  3 giant cockroaches
  7 goblins
  9 hobgoblins
  5 kobolds
  2 quokkas
  3 frilled lizards
  6 rats
64 creatures vanquished.

Notes
Turn   | Place    | Note
-------+----------+-------------------------------------------
     0 | D:1      | Aksej the Demonspawn Monk began the quest for the Orb.
     0 | D:1      | Reached XP level 1. HP: 18/18 MP: 1/1
   227 | D:1      | Found Qadur's Jewellery Shoppe.
   250 | D:1      | Found Hiepp's Book Shoppe.
   421 | D:1      | Gained mutation: You are partially covered in molten
                  | scales. (AC +2) [demonic ancestry]
   421 | D:1      | Reached XP level 2. HP: 24/24 MP: 2/2
   535 | D:1      | Reached skill level 3 in Long Blades
  1060 | D:1      | Found a faded altar of an unknown god.
  1471 | D:2      | Gained mutation: You are mostly covered in molten scales.
                  | (AC +3) [demonic ancestry]
  1471 | D:2      | Reached XP level 3. HP: 12/29 MP: 3/3
  2059 | D:2      | Gained mutation: You have a pair of small horns on your
                  | head. [demonic ancestry]
  2059 | D:2      | Reached XP level 4. HP: 17/35 MP: 4/4
  2665 | D:2      | Reached skill level 4 in Long Blades
  3039 | D:3      | Reached XP level 5. HP: 41/41 MP: 5/5
  3658 | D:3      | Noticed Sigmund
  3674 | D:3      | Slain by Sigmund

Illustrated notes

Levels and vault maps discovered:
D:1:      minmay_arrival_plants_in_alcoves, layout_basic,
          shapermc_ecumenical_altar_petra, serial_shops, shop, shop
D:2:      layout_basic, minmay_joined_circles
D:3:      layout_basic, gammafunk_temple_overflow_elements, uniq_sigmund,
          uniq_terence, uniq_crazy_yiuf_cottage, uniq_ijyb

Skill      XL: |  1  2  3  4 |
---------------+-------------+-----
Long Blades    | 3 4 |  4.2
Stealth        | 2 |  2.5
Dodging        | 3 |  3.5
Fighting       | |  3.5

Action                   |  1- 3 |  4- 6 || total
-------------------------+-------+-------++-------
Melee: Falchion          |   108 |    91 ||   199
       Punch             |     2 |       ||     2
       Headbutt          |       |    17 ||    17
  Use: Scroll            |     7 |     2 ||     9
       Potion            |     1 |     7 ||     8
 Stab: Sleeping          |     8 |     3 ||    11
Armor: Robe              |    34 |    21 ||    55
Dodge: Dodged            |    71 |    44 ||   115
